 Dungeon Crawl Stone Soup version 0.25-a0-635-g0c6c292ef3 (webtiles) character file.

Game seed: 14999015678321345258, levelgen mode: deterministic

466 ipx the Bolt Thrower (level 7, -4/41 HPs)
             Began as a Gargoyle Arcane Marksman on Mar 20, 2020.
             Was a Follower of Kikubaaqudgha.
             Engulfed by a cloud of steam (8 damage)
             ... on level 7 of the Dungeon.
             The game lasted 00:16:22 (1362 turns).

ipx the Bolt Thrower (Gargoyle Arcane Marksman)     Turns: 1362, Time: 00:16:22

Health: -4/41      AC: 10    Str: 15    XL:     7   Next: 8%
Magic:  8/8        EV:  9    Int: 14    God:    Kikubaaqudgha [*.....]
Gold:   220        SH:  0    Dex: 10    Spells: 2/8 levels left

rFire    . . .     SeeInvis .   a - +0 hand crossbow
rCold    . . .     Gourm    .   (no shield)
rNeg     + . .     Faith    .   c - +0 scale mail
rPois    ∞         Spirit   .   (no helmet)
rElec    +         Reflect  .   (no cloak)
rCorr    .         Harm     .   (no gloves)
MR       .....                  (no boots)
Stlth    ..........             (no amulet)
HPRegen  0.13/turn              (no ring)
MPRegen  0.11/turn              (no ring)

@: no status effects
A: negative energy resistance 1, electricity resistance, unbreathing,
petrification resistance, rot immunity, AC +4
a: Receive Corpses, Renounce Religion


You were on level 7 of the Dungeon.
You worshipped Kikubaaqudgha.
Kikubaaqudgha was aware of your devotion.
You were very hungry.

You visited 1 branch of the dungeon, and saw 7 of its levels.

You collected 220 gold pieces.

Inventory:

Hand Weapons
 a - a +0 hand crossbow (weapon)
Missiles
 d - 23 bolts (quivered)
 i - 12 javelins
Armour
 c - a +0 scale mail (worn)
 e - a +0 robe
Wands
 n - a wand of disintegration (11)
 r - a wand of digging (8)
Scrolls
 l - a scroll of vulnerability {unknown}
 m - a scroll of teleportation
 p - a scroll of noise
Potions
 b - a potion of might
 g - a potion of mutation {unknown}
 h - a potion of lignification {unknown}
 j - a potion of haste {unknown}
 k - 4 potions of brilliance
 s - 2 potions of curing {unknown}
 t - a potion of invisibility {unknown}
Comestibles
 f - 7 rations


   Skills:
 + Level 3.6 Fighting
 * Level 5.8 Crossbows
 - Level 1.5 Dodging
 - Level 1.0 Spellcasting
   Level 2.6 Hexes
 + Level 1.2 Necromancy
 - Level 2.0 Evocations


You had 2 spell levels left.
You knew the following spells:

 Your Spells              Type           Power        Failure   Level  Hunger
a - Animate Skeleton      Necr           N/A          56%         1    ##.....
d - Vampiric Draining     Necr           #.........   90%         3    ####...
r - Corpse Rot            Necr/Air       N/A          78%         2    ###....

Your spell library contained the following spells:

 Spells                   Type           Power        Failure   Level  Hunger
 Corona                   Hex            #......      36%         1    ##.....
 Slow                     Hex            #.......     50%         2    ###....
 Pain                     Necr           #...         56%         1    ##.....
 Inner Flame              Hex/Fire       #.......     88%         3    ####...
 Portal Projectile        Hex/Tloc       #.....       88%         3    ####...
 Cause Fear               Hex            #.........   98%         4    #####..
 Leda's Liquefaction      Hex/Erth       #.........   99%         4    #####..


Dungeon Overview and Level Annotations

Branches:
Dungeon (7/15)             Temple (0/1) D:4

Altars:
Kikubaaqudgha


Innate Abilities, Weirdness & Mutations

You are resistant to torment.
Your stone body is resilient. (AC +4)
You are immune to poison.
You resist negative energy. (rN+)
You are resistant to electric shocks. (rElec)
You can survive without breathing.
You are immune to petrification.
You are immune to rotting.


Message History

Aim: a steam dragon (steam, moderately wounded, chance to defeat MR: 74%)
The steam dragon is blasted!!
You are engulfed in a cloud of scalding steam.
* * * LOW HITPOINT WARNING * * *
The steam dragon breathes steam at you. The ball of steam hits you.
* * * LOW HITPOINT WARNING * * *
Evoke which item? (* to show all) (? for menu, Esc to quit)
Aiming: Disintegrate
Press: ? - help, Shift-Dir - straight line, f/p - steam dragon
Aim: a steam dragon (almost dead, catching its breath, chance to defeat MR: 74%)
The steam dragon is blasted!!
You blow up the steam dragon!
Kikubaaqudgha accepts your kill.
The steam dragon scales are intact enough to wear.
Your Necromancy skill increases to level 1!
You have reached level 7!
You are engulfed in a cloud of scalding steam.
You die...
Kikubaaqudgha rasps: "You have failed me!
Welcome... oblivion!"

#########
#.......#
#.......#
#.......##
#........#
#....§.§.#
#..§§@[(.#
#.....§......
...############
#


There were no monsters in sight!

Vanquished Creatures
  A steam dragon (D:7)
  An ogre (D:4)
  A bullfrog (D:6)
  A howler monkey (D:4)
  A hound (D:5)
  A jelly (D:6)
  3 adders
  An ooze (D:3)
  A worm (D:2)
  2 dart slugs (D:2)
  3 leopard geckos
  2 orcs (D:3)
  A ball python (D:3)
  5 giant cockroaches
  3 hobgoblins
  2 jackals (D:5)
  A quokka (D:2)
  6 bats
  3 frilled lizards
  3 goblins
  7 kobolds
  A leopard gecko skeleton (D:5)
  5 rats
55 creatures vanquished.

Notes
Turn   | Place    | Note
-------+----------+-------------------------------------------
     0 | D:1      | ipx the Gargoyle Arcane Marksman began the quest for the
                  | Orb.
     0 | D:1      | Reached XP level 1. HP: 12/12 MP: 2/2
   149 | D:1      | Reached XP level 2. HP: 14/16 MP: 3/3
   259 | D:1      | Reached skill level 3 in Crossbows
   344 | D:2      | Reached XP level 3. HP: 16/20 MP: 4/4
   491 | D:2      | Found an ancient bone altar of Kikubaaqudgha.
   506 | D:2      | Became a worshipper of Kikubaaqudgha
   676 | D:3      | Reached XP level 4. HP: 25/25 MP: 5/5
   908 | D:4      | Reached skill level 4 in Crossbows
   908 | D:4      | Reached skill level 1 in Evocations
   926 | D:4      | Found a staircase to the Ecumenical Temple.
   967 | D:4      | Noticed an ogre
   970 | D:4      | Killed an ogre
   970 | D:4      | Reached XP level 5. HP: 31/31 MP: 6/6
  1079 | D:5      | Entered Level 5 of the Dungeon
  1145 | D:5      | Reached XP level 6. HP: 33/36 MP: 7/7
  1245 | D:5      | Noticed a sky beast
  1287 | D:6      | Reached skill level 5 in Crossbows
  1307 | D:6      | Reached * piety under Kikubaaqudgha
  1307 | D:6      | Identified Kikubaaqudgha's Grimoire of Necromancy
                  | (Kikubaaqudgha gifted it to you on level 6 of the Dungeon)
  1307 | D:6      | Received a gift from Kikubaaqudgha
  1311 | D:6      | Learned a level 1 spell: Animate Skeleton
  1314 | D:6      | Learned a level 2 spell: Corpse Rot
  1318 | D:6      | Learned a level 3 spell: Vampiric Draining
  1357 | D:7      | Noticed a steam dragon
  1362 | D:7      | Killed a steam dragon
  1362 | D:7      | Reached skill level 1 in Necromancy
  1362 | D:7      | Reached XP level 7. HP: 4/41 MP: 8/8
  1362 | D:7      | Engulfed by a cloud of steam

Levels and vault maps discovered:
D:1:      sevenhm_arrival_forest_fort_small_6, layout_basic,
          minmay_misc_feat_square
D:2:      layout_rooms, kiku_gazebo_pond_becter
D:3:      layout_loops_corners, ebering_ghost_reflecting_pool
D:4:      layout_layer_cave, minmay_temple_entry_slanted, first_ration,
          serial_shops, shop
D:5:      layout_cave_pools, serial_shops, kennysheep_mini
D:6:      layout_layer_cave
D:7:      layout_loops_cross, serial_shops, shop

Skill      XL: |  1  2  3  4  5  6 |
---------------+-------------------+-----
Crossbows      | 3 4 5 |  5.8
Fighting       | 2 3 |  3.6
Evocations     | 1 2 |  2.0
Necromancy     | 1 |  1.2
Dodging        | |  1.5
Spellcasting   | |  1.0
Hexes          | |  2.6

Action                   |  1- 3 |  4- 6 |  7- 9 || total
-------------------------+-------+-------+-------++-------
Melee: Unarmed           |     6 |       |       ||     6
 Fire: Hand crossbow     |    82 |    76 |       ||   158
Evoke: Wand              |     2 |     1 |     1 ||     4
  Use: Scroll            |       |     9 |       ||     9
Armor: Scale mail        |    30 |    20 |       ||    50
Dodge: Dodged            |    27 |    22 |       ||    49

Table legend:
 A = Non-vault XP
 B = Vault XP
 C = Vault XP percentage of total XP
 D = Non-vault monster count
 E = Vault monster count
 F = Vault count percentage of total count
                 A         B        C        D         E       F
            +---------+---------+-------+---------+---------+-------
      Total |     666 |       0 |   0.0 |      55 |       0 |   0.0
            +---------+---------+-------+---------+---------+-------
        D:1 |      23 |       0 |   0.0 |      16 |       0 |   0.0
        D:2 |      43 |       0 |   0.0 |      14 |       0 |   0.0
        D:3 |      30 |       0 |   0.0 |      12 |       0 |   0.0
        D:4 |     174 |       0 |   0.0 |       3 |       0 |   0.0
        D:5 |      50 |       0 |   0.0 |       4 |       0 |   0.0
        D:6 |     163 |       0 |   0.0 |       5 |       0 |   0.0
        D:7 |     183 |       0 |   0.0 |       1 |       0 |   0.0
            +---------+---------+-------+---------+---------+-------
